 Dungeon Crawl Stone Soup version 0.30-a0-424-g7412bad402 (webtiles) character file.

Game seed: 17612750111474413220

53993 AigisTheKnight the Fighter (level 14, -2/90 HPs)
             Began as a Gargoyle Earth Elementalist on Dec 9, 2022.
             Was a High Priest of the Shining One.
             Killed by divine providence
             ... invoked by a meliai
              (15 damage)
             ... on level 13 of the Dungeon.
             The game lasted 01:00:52 (18723 turns).

AigisTheKnight the Fighter (GrEE)                  Turns: 18723, Time: 01:00:53

Health: -2/90      AC: 33    Str: 14    XL:     14   Next: 70%
Magic:  18/26      EV:  7    Int: 19    God:    the Shining One [*****.]
Gold:   1312       SH:  0    Dex: 16    Spells: 20/29 levels left

rFire   . . .      SeeInvis .    Y - +0 war axe (venom)
rCold   . . .      Faith    .    (no shield)
rNeg    + + +      Spirit   .    F - +1 chain mail of Kindness {Slay+3}
rPois   ∞          Reflect  .    (no helmet)
rElec   +          Harm     .    y - +2 cloak
rCorr   .          Rampage  .    X - +0 pair of gloves
Will    +....                    h - +0 pair of boots
Stlth   ..........               x - amulet of regeneration
HPRegen 1.15/turn                G - +4 ring of protection
MPRegen 0.20/turn                Q - +6 ring of dexterity

@: flying, glowing
A: sickness immunity, AC +10, big wings, negative energy resistance 1,
electricity resistance, torment resistance 1, petrification resistance
a: Renounce Religion, Divine Shield, Cleansing Flame, Summon Divine Warrior


You were on level 13 of the Dungeon.
You worshipped the Shining One.
The Shining One was extremely pleased with you.
You visited 3 branches of the dungeon, and saw 19 of its levels.

You collected 1338 gold pieces.
You spent 26 gold pieces at shops.

Inventory:

Hand Weapons
 g - a +2 vorpal mace
 T - a +0 demon whip of venom
 Y - a +0 war axe of venom (weapon)
Missiles
 M - 5 throwing nets
Armour
 d - a scarf of repulsion
 h - a +0 pair of boots (worn)
 y - a +2 cloak (worn)
 F - the +1 chain mail of Kindness (worn) {Slay+3}
   (You found it on level 4 of the Dungeon)

   Slay:      It affects your accuracy & damage with ranged weapons and melee
   (+3).
 U - a +0 kite shield
 X - a +0 pair of gloves (worn)
 Z - a +2 robe of cold resistance
Jewellery
 l - a +4 ring of protection
 q - a ring of resist corrosion
 r - a ring of see invisible
 u - a ring of ice
 x - an amulet of regeneration (around neck)
 G - a +4 ring of protection (left hand)
 Q - a +6 ring of dexterity (right hand)
Wands
 n - a wand of roots (41)
 s - a wand of digging (8)
 J - a wand of mindburst (4)
 L - a wand of flame (2)
 N - a wand of light (1)
 R - a wand of charming (22)
Scrolls
 a - 2 scrolls of fear {unknown}
 f - 3 scrolls of magic mapping {unknown}
 m - 6 scrolls of teleportation
 o - 3 scrolls of immolation {unknown}
 p - a scroll of brand weapon {unknown}
 t - 2 scrolls of silence {unknown}
 v - 3 scrolls of summoning {unknown}
 C - a scroll of identify
 D - a scroll of enchant armour {unknown}
 I - 6 scrolls of vulnerability
 K - 5 scrolls of poison
 O - a scroll of torment {unknown}
 P - 4 scrolls of enchant weapon
 S - 4 scrolls of butterflies {unknown}
Potions
 b - a potion of magic
 c - 8 potions of attraction
 e - 2 potions of mutation
 j - 2 potions of heal wounds
 k - 4 potions of flight
 w - 4 potions of brilliance
 z - 2 potions of haste
 A - a potion of berserk rage
 B - a potion of resistance
 E - 2 potions of cancellation
 H - 3 potions of curing
 V - 2 potions of might
Miscellaneous
 i - a condenser vane
 W - a lightning rod (3/4)


   Skills:
 + Level 11.4 Fighting
 - Level 7.9 Maces & Flails
 + Level 11.1 Armour
 - Level 1.5 Dodging
 - Level 4.3 Stealth
 + Level 8.6 Shields
 + Level 8.1 Spellcasting
 + Level 10.1 Conjurations
 - Level 0.7 Transmutations
 + Level 1.5 Fire Magic
 - Level 6.1 Air Magic
 - Level 10.9 Earth Magic
 - Level 4.4 Evocations


You had 20 spell levels left.
You knew the following spells:

 Your Spells              Type           Power      Damage    Failure   Level
a - Sandblast             Erth           98%        2d20      1%          1
b - Stone Arrow           Conj/Erth      94%        3d12      4%          3
c - Passwall              Tmut/Erth      24%        N/A       16%         2
d - Swiftness             Air            31%        N/A       28%         3

Your spell library contained the following spells:

 Spells                   Type           Power      Damage    Failure   Level
 Shock                    Conj/Air       100%       1d9       4%          1
 Kiss of Death            Conj/Necr      100%       2d13      14%         1
 Mephitic Cloud           Conj/Pois/Air  28%        N/A       36%         3
 Poisonous Vapours        Pois/Air       38%        N/A       45%         2
 Airstrike                Air            15%        2d(3-19)  67%         4
 Sting                    Tmut/Pois      36%        1d4       71%         1
 Petrify                  Tmut/Erth      29%        N/A       71%         4
 Sticky Flame             Conj/Fire      30%        2d5       71%         4
 Apportation              Tloc           14%        N/A       75%         1
 Necrotise                Necr           28%        1d5       75%         1
 Slow                     Hex            28%        N/A       75%         1
 Summon Small Mammal      Summ           28%        N/A       75%         1
 Kindle Blastsparks       Fire/Tloc/Air  34%        2d12      77%         3
 Wereblood                Tmut           10%        N/A       78%         2
 Ignite Poison            Fire/Tmut/Pois 10%        N/A       95%         3
 Confusing Touch          Hex            7%         N/A       98%         3
 Gell's Gravitas          Tloc           7%         N/A       98%         3
 Lesser Beckoning         Tloc           14%        N/A       98%         3
 Ozocubu's Armour         Ice            7%         N/A       98%         3
 Teleport Other           Tloc           7%         N/A       98%         3
 Vampiric Draining        Necr           7%         2d6       98%         3
 Freezing Cloud           Conj/Ice/Air   14%        6-21      98%         5
 Dispel Undead            Necr           7%         3d8       100%        4
 Olgreb's Toxic Radiance  Pois           7%         N/A       100%        4
 Metabolic Englaciation   Hex/Ice        3%         N/A       100%        5
 Simulacrum               Ice/Necr       3%         N/A       100%        6
 Summon Hydra             Summ           3%         N/A       100%        7
 Ignition                 Fire           6%         3d4       100%        8
 Polar Vortex             Ice            3%         N/A       100%        9
 Cigotuvi's Dreadful Rot  Necr/Pois/Air  Unusable   N/A       N/A         2
 Sublimation of Blood     Necr           Unusable   N/A       N/A         2

Dungeon Overview and Level Annotations

Branches:
Dungeon (14/15)            Temple (1/1) D:5            Lair (5/5) D:8
  Swamp (0/4) Lair:3       Spider (0/4) Lair:2        Slime (0/5) Lair:5
 Vaults (0/5) D:14
    Orc: D:9-12

Altars:
Ashenzari
Cheibriados
Dithmenos
Elyvilon
Fedhas
Gozag
Hepliaklqana
Kikubaaqudgha
Makhleb
Nemelex Xobeh
Okawaru
Qazlal
Ru
Sif Muna
Trog
Uskayaw
Vehumet
Wu Jian
Xom
Yredelemnul
Zin
The Shining One
Jiyva

Shops:
D:4 ?   D:6 *

Annotations:
Lair:2 1 runed translucent door, Juisar's ghost, journeyman HOFi


Innate Abilities, Weirdness & Mutations

You are immune to sickness and miasma.
Your stone body is resilient. (AC +10)
You are immune to poison.
Your large and strong wings let you fly.
You resist negative energy. (rN+)
You are resistant to electric shocks. (rElec)
You are resistant to unholy torment.
You are immune to petrification.


Message History

Confirm with . or Enter, or press ? or * to list all spells.
Aiming: Stone Arrow (mildly dangerous; 4% risk of failure)
Press: ? - help, Shift-Dir - straight line, f/p - meliai
Aim: a meliai, wielding a +0 war axe and wearing a +0 leather armour (heavily wounded, haloed, 74% to hit)
The stone arrow hits the meliai!!
You kill the meliai!
The Shining One accepts your kill.
You feel better.
You feel your power returning. The meliai hits you but does no damage.
The meliai stings you but does no damage.
The meliai hits you with a +0 hand axe. The meliai completely misses you.
The killer bee stings you but does no damage.
Unknown command.
Casting: Stone Arrow (mildly dangerous; 4% risk of failure)
Confirm with . or Enter, or press ? or * to list all spells.
Aiming: Stone Arrow (mildly dangerous; 4% risk of failure)
Press: ? - help, Shift-Dir - straight line, f - meliai
Aim: a meliai, wielding a +0 hand axe and wearing a +0 robe (haloed, 74% to hit)
The stone arrow hits the meliai!!
The meliai is almost dead.
The meliai invokes the aid of its god against you.
Something smites you!
The killer bee stings you but does no damage.
The meliai mumbles some strange prayers to its god against you.
Something smites you!
* * * LOW HITPOINT WARNING * * *
The killer bee stings you but does no damage.
The meliai mumbles some strange prayers to its god against you.
Something smites you!
* * * LOW HITPOINT WARNING * * *
You hear an angry buzzing noise.
Unknown command.
You feel much better.
The meliai invokes the aid of its god against you.
Something smites you!
* * * LOW HITPOINT WARNING * * *
The killer bee stings you but does no damage.
The meliai mumbles some strange prayers to its god against you.
Something smites you!
You die...

##### #########
###yy...! ###
#.......# ###yyyyy..!
..##
#.......###yyy#.yy.y|
#..####.......#.@y###


yyy!. ##....).......'.### yy.. ######)......### ... #.......# .. ##'####.# + #.#
#.## #.## #..## #..###...### ##.#~~...~~# You could see 2 meliai and 9 killer
bees.

Vanquished Creatures
  5 hydras
  A yaktaur captain (D:14)
  3 catoblepae
  A centaur warrior (D:13)
  Erica (D:8)
  6 boulder beetles
  A tengu warrior (D:14)
  Amaemon (D:10)
  2 bog bodies (Lair:3)
  A lindwurm (Lair:5)
  2 wolf spiders (Lair:5)
  A manticore (D:14)
  A cyclops (D:13)
  2 ugly things
  15 elephants
  A guardian serpent (Lair:5)
  A torpor snail (Lair:5)
  15 black mambas
  Maggie (Lair:1)
  Psyche (D:8)
  An efreet (D:10)
  An orange demon (D:10)
  7 komodo dragons
  14 cane toads
  4 rime drakes
  2 yaktaurs (D:14)
  4 trolls
  A meliai (D:13)
  2 hornets (Lair:5)
  A polar bear (Lair:1)
  9 blink frogs
  A vampire (D:10)
  13 wyverns
  3 basilisks
  26 yaks
  A steam dragon (D:6)
  5 vampire mosquitoes
  A redback (Lair:2)
  2 acid dragons (D:10)
  27 water moccasins
  Duvessa (D:5)
  7 orc warriors
  4 ogres
  An ice beast (D:5)
  2 black bears
  4 sky beasts
  17 wolves
  4 centaurs
  A phantom (D:5)
  4 gnoll sergeants
  9 bullfrogs
  A scorpion (D:5)
  Dowan (D:5)
  16 wights
  A killer bee (D:13)
  A howler monkey (D:7)
  2 jellies
  6 orc priests
  3 hounds
  An iguana (D:5)
  5 gnoll boudas
  8 orc wizards
  6 hell rats (Lair:2)
  39 gnolls
  3 adders
  A white imp (D:7)
  An ufetubus (D:4)
  6 worms
  37 orcs
  7 endoplasms
  3 giant cockroaches
  9 goblins
  4 hobgoblins
  A quokka (D:3)
  4 ball pythons
  5 bats
  5 frilled lizards
  6 kobolds
  3 rats
426 creatures vanquished.

Vanquished Creatures (others)
  A cane toad (Lair:5)
  57 fungi
  59 plants
117 creatures vanquished.

Grand Total: 543 creatures vanquished

Notes
Turn   | Place    | Note
-------+----------+-------------------------------------------
     0 | D:1      | AigisTheKnight the Gargoyle Earth Elementalist began the
                  | quest for the Orb.
     0 | D:1      | Reached XP level 1. HP: 10/10 MP: 3/3
   410 | D:1      | Reached XP level 2. HP: 3/16 MP: 0/5
   484 | D:1      | Reached skill level 1 in Fighting
   687 | D:1      | Reached XP level 3. HP: 20/20 MP: 6/6
   965 | D:2      | Found a faded altar of an unknown god.
  1211 | D:2      | Reached XP level 4. HP: 26/26 MP: 3/8
  1907 | D:3      | Reached skill level 1 in Armour
  1907 | D:3      | Reached XP level 5. HP: 31/31 MP: 5/9
  2406 | D:3      | Found an ornate altar of the Wu Jian Council.
  2406 | D:3      | Found a glowing silver altar of Zin.
  2526 | D:4      | Noticed a phantom
  2545 | D:5      | Entered Level 5 of the Dungeon
  2552 | D:5      | Killed a phantom
  2553 | D:5      | Reached skill level 1 in Maces & Flails
  2553 | D:5      | Reached skill level 5 in Earth Magic
  2643 | D:4      | Reached XP level 6. HP: 36/36 MP: 6/10
  2835 | D:4      | Identified the +1 chain mail of Kindness {Slay+3}
  3033 | D:4      | Found Kaozxainu's Magic Scroll Emporium.
  3041 | D:4      | Bought a scroll of identify for 26 gold pieces
  3317 | D:5      | Found a staircase to the Ecumenical Temple.
  3389 | D:5      | Found a radiant altar of Vehumet.
  3409 | Temple   | Entered the Ecumenical Temple
  3417 | Temple   | Became a worshipper of the Shining One
  3488 | D:5      | Reached XP level 7. HP: 16/41 MP: 6/12
  3890 | D:5      | Noticed Duvessa
  3908 | D:5      | Killed Duvessa
  3909 | D:5      | Noticed Dowan
  3933 | D:5      | Killed Dowan
  3940 | D:5      | Reached XP level 8. HP: 46/48 MP: 1/14
  4054 | D:5      | Found a shimmering altar of Xom.
  4056 | D:5      | Found a bloodstained altar of Trog.
  4114 | D:5      | Found a hide-covered altar of Uskayaw.
  4150 | D:5      | Found an opulent altar of Gozag.
  4504 | D:6      | Found Eniosuesch's Gadget Gallery.
  4766 | D:6      | Learned a level 3 spell: Stone Arrow
  4827 | D:6      | Reached skill level 5 in Fighting
  4830 | D:6      | Found a blossoming altar of Fedhas.
  4851 | D:6      | Reached skill level 1 in Conjurations
  5086 | D:6      | Reached skill level 1 in Evocations
  5133 | D:6      | Reached * piety under the Shining One
  5178 | D:6      | Reached skill level 5 in Spellcasting
  5178 | D:6      | Reached XP level 9. HP: 54/54 MP: 13/16
  5371 | D:7      | Reached skill level 5 in Armour
  6269 | D:7      | Found a basalt altar of Yredelemnul.
  6559 | D:8      | Found a broken altar of Ashenzari.
  6774 | D:8      | Reached ** piety under the Shining One
  6927 | D:8      | Reached XP level 10. HP: 61/61 MP: 4/18
  7126 | D:8      | Learned a level 2 spell: Passwall
  7141 | D:8      | Identified the +9 great sword "Rioko" {drain, Contam Dex+5}
  7218 | D:8      | Noticed Erica
  7411 | D:9      | Found a stormy altar of Qazlal.
  8018 | D:8      | Found a staircase to the Lair.
  8183 | D:8      | Killed Erica
  8184 | D:8      | Reached skill level 5 in Conjurations
  8360 | D:8      | Reached *** piety under the Shining One
  8421 | D:8      | Found a snail-covered altar of Cheibriados.
  8513 | D:8      | Noticed Psyche
  8520 | D:8      | Killed Psyche
  8845 | Lair:1   | Entered Level 1 of the Lair of Beasts
  8917 | Lair:1   | Noticed a boulder beetle
  8931 | Lair:1   | Killed a boulder beetle
  8932 | Lair:1   | Reached skill level 1 in Shields
  8932 | Lair:1   | Reached XP level 11. HP: 55/68 MP: 16/21
  9210 | Lair:1   | Noticed Maggie
  9216 | Lair:1   | Killed Maggie
  9217 | Lair:1   | Reached skill level 1 in Air Magic
  9772 | Lair:1   | Identified the +1 robe "Fueg Emi" {rPois Str+4 Int-4}
 10771 | Lair:2   | Found a runed translucent door.
 10807 | Lair:2   | Found a hole to the Spider Nest.
 10886 | Lair:2   | Noticed Juisar's ghost (journeyman HOFi)
 10888 | Lair:2   | Identified the +1 spear of Kismet {freeze, Will- MP+9
                  | Int+2}
 10888 | Lair:2   | Noticed a spriggan rider
 11050 | Lair:3   | Reached skill level 10 in Earth Magic
 11145 | Lair:3   | Reached **** piety under the Shining One
 11199 | Lair:3   | Reached XP level 12. HP: 51/75 MP: 13/23
 11201 | Lair:3   | Reached skill level 5 in Maces & Flails
 11726 | Lair:3   | Found a staircase to the Swamp.
 12153 | Lair:4   | Noticed a boulder beetle
 12197 | Lair:4   | Noticed a four-headed hydra
 12205 | Lair:4   | Killed a five-headed hydra
 12384 | Lair:3   | Reached skill level 5 in Shields
 12422 | Lair:4   | Killed a boulder beetle
 12706 | Lair:4   | Noticed a seven-headed hydra
 12719 | Lair:4   | Killed a seven-headed hydra
 12947 | Lair:4   | Reached XP level 13. HP: 25/80 MP: 21/24
 13326 | Lair:4   | Learned a level 3 spell: Swiftness
 13331 | Lair:5   | Entered Level 5 of the Lair of Beasts
 13395 | Lair:5   | Found a staircase to the Slime Pits.
 13395 | Lair:5   | Found a viscous altar of Jiyva.
 14079 | Lair:5   | Reached skill level 10 in Fighting
 14345 | Lair:5   | Reached skill level 10 in Armour
 14430 | Lair:5   | Reached skill level 5 in Air Magic
 15109 | Lair:5   | Gained mutation: Your large and strong wings let you fly.
                  | [Gargoyle growth]
 15109 | Lair:5   | Reached XP level 14. HP: 76/88 MP: 25/25
 16261 | D:10     | Entered Level 10 of the Dungeon
 16670 | D:10     | Noticed Amaemon
 16685 | D:10     | Killed Amaemon
 17814 | D:11     | You are sucked into a shaft and drop 3 floors!
 17843 | D:14     | Reached ***** piety under the Shining One
 18215 | D:14     | Reached skill level 10 in Conjurations
 18348 | D:14     | Found a gate to the Vaults.
 18361 | D:14     | Reached skill level 1 in Fire Magic
 18509 | D:13     | Found a white marble altar of Elyvilon.
 18723 | D:13     | Killed from afar by a meliai

Illustrated notes

Levels and vault maps discovered:
D:1:      dpeg_chamrin_arrival_tetris, layout_rooms, minmay_tetromino_t2
D:2:      layout_rooms, ebering_ecumenical_altar_abandoned,
          minmay_misc_feat_roman, minmay_misc_feat_columns,
          minmay_misc_feat_doors
D:3:      layout_basic, gammafunk_temple_overflow_statue
D:4:      layout_cave_pools, serial_shops, shop
D:5:      layout_loops_ring, general_overflow_altar, kennysheep_mini_moat,
          grunt_temple_overflow_open, temple_green, roderic_lattice_a,
          uniq_duvessa
D:6:      layout_gridville, mainiacjoe_overflow_small_starburst,
          dk_noncrumbling_3, corner_web_ring, skrybe_limestone_x,
          nicolae_shop_gadgets
D:7:      layout_basic, kennysheep_little_box, serial_rivers,
          chequers_serial_rivers_micro_a, chequers_serial_rivers_large_a,
          chequers_serial_rivers_micro_a, chequers_serial_rivers_micro_d,
          chequers_serial_rivers_micro_d, chequers_serial_rivers_large_b,
          st_stairs_12
D:8:      layout_loops_cross, mainiacjoe_overflow_alcove_4,
          mainiacjoe_overflow_paths, lair_entry_dummy, sword_in_stone,
          uniq_erica, uniq_psyche
D:9:      layout_rooms, grunt_qazlal_clouds
D:10:     layout_loops_cross, grunt_ogre_cave, hangedman_decor_lopped,
          grunt_ministairs_14, uniq_amaemon
D:11:     layout_basic, st_stairs_8, minmay_hedge_maze, guppyfry_shop_earth
D:13:     layout_roguey [special_room_bee], gammafunk_ghost_berserking_beasts,
          elyvilon_altar_4, uniq_josephine
D:14:     layout_cave_pods, david_vaults_2, serial_park_tiny_pond
Temple:   hellmonk_temple_rainy
Lair:1:   layout_chaotic_city, uniq_maggie
Lair:2:   layout_cave_pods, spider_nest_entry_a, ebering_ghost_funeral_grove,
          serial_bayou_pond_a, infiniplex_staircase_pool_2
Lair:3:   layout_loops_ring, skrybe_swamp_entry_bodies
Lair:4:   layout_small_grid
Lair:5:   hangedman_lair_tendril_chambers, layout_cave_pods, slime_entry_1,
          small_statue_intersection, minmay_shattered_shrine

Skill      XL: |  1  2  3  4  5  6  7  8  9 10 11 12 13 14 |
---------------+-------------------------------------------+-----
Fighting       | 1 2 3 4 5 6 7 8 9 10 11 | 11.4
Earth Magic    | 4 5 6 7 8 9 10 | 10.9
Spellcasting   | 3 4 5 6 7 8 |  8.1
Armour         | 1 2 3 4 5 7 8 9 10 11 | 11.1
Maces & Flails | 1 2 3 4 6 7 |  7.9
Conjurations   | 1 3 5 6 7 9 10 | 10.1
Evocations     | 1 3 4 |  4.4
Shields        | 1 3 5 7 8 |  8.6
Air Magic      | 2 4 5 6 |  6.1
Stealth        | 4 |  4.3
Fire Magic     | 1 |  1.5
Dodging        | |  1.5
Transmutations | |  0.7

Action                   |  1- 3 |  4- 6 |  7- 9 | 10-12 | 13-15 || total
-------------------------+-------+-------+-------+-------+-------++-------
Melee: Unarmed           |     5 |       |       |       |       ||     5
       Hand axe          |     2 |       |       |       |       ||     2
       Quarterstaff      |    18 |    19 |       |       |       ||    37
       Dagger            |       |    19 |   102 |    66 |       ||   187
       Punch             |       |       |     1 |     6 |    11 ||    18
       War axe           |       |       |       |   323 |   355 ||   678
 Cast: Sandblast         |    40 |    69 |   115 |    83 |     6 ||   313
       Stone Arrow       |       |       |    39 |    67 |   179 ||   285
       Passwall          |       |       |       |     3 |       ||     3
Invok: Divine Shield     |       |       |       |     1 |     4 ||     5
Evoke: Wand              |       |       |     3 |     6 |     6 ||    15
       Lightning rod     |       |       |       |     1 |     6 ||     7
  Use: Scroll            |       |     5 |     1 |     9 |     1 ||    16
       Potion            |       |       |     1 |     1 |     5 ||     7
Armor: Robe              |    20 |       |       |       |       ||    20
       Leather armour    |       |    35 |   118 |       |       ||   153
       Ring mail         |       |       |       |    57 |       ||    57
       Chain mail        |       |       |       |   430 |   577 ||  1007
Dodge: Dodged            |    25 |    43 |   130 |   238 |   239 ||   675
Block: Other             |       |       |       |     1 |    11 ||    12

Table legend: (Time is in decaauts)
 A = Elapsed time spent in this place.
 B = Non-inter-level travel time spent in this place.
 C = Inter-level travel time spent in this place.
 D = Time resting spent in this place.
 E = Time spent auto-exploring this place.
 F = Levels seen in this place.
 G = Mean time per level.
                   A        B        C        D        E       F      G
               +--------+--------+--------+--------+--------+-----+--------+
         Total |  19206 |  17984 |   1222 |   2806 |  10520 |  19 | 1010.8 |
       Dungeon |  11611 |  10768 |    843 |   1189 |   7130 |  13 |  893.2 |
        Temple |     14 |     14 |      0 |      0 |      0 |   1 |   14.0 |
          Lair |   7580 |   7202 |    378 |   1617 |   3389 |   5 | 1516.0 |
               +--------+--------+--------+--------+--------+-----+--------+

Top non-repeatable levels by time:
  Lair:5: 2658 daAuts
     D:8: 1645 daAuts
    D:10: 1486 daAuts
  Lair:3: 1393 daAuts
  Lair:4: 1379 daAuts
     D:5: 1278 daAuts
     D:7: 1172 daAuts
  Lair:1: 1135 daAuts
     D:3: 1044 daAuts
     D:6: 1016 daAuts
  Lair:2: 1014 daAuts
     D:1: 791 daAuts
     D:9: 784 daAuts
     D:2: 735 daAuts
     D:4: 651 daAuts
